 Dungeon Crawl Stone Soup version 0.20-a0-772-g73021bd (webtiles) character file.

1346 Colliwobble the Basher (level 8, -2/43 HPs)
             Began as a Gargoyle Fighter on Feb 26, 2017.
             Was a Follower of Trog.
             Slain by Menkaure (12 damage)
             ... on level 4 of the Dungeon.
             The game lasted 00:11:31 (5234 turns).

Colliwobble the Basher (Gargoyle Fighter)           Turns: 5234, Time: 00:11:32

Health: -2/43      AC: 13    Str: 21    XL:     8   Next: 62%
Magic:  8/8        EV:  7    Int: 10    God:    Trog [*.....]
Gold:   242        SH:  9    Dex:  7    Spells: 7/7 levels left

rFire    . . .     SeeInvis .   a - +0 flail
rCold    . . .     Gourm    .   b - +0 scale mail
rNeg     + . .     Faith    .   c - +0 shield
rPois    ∞         Spirit   .   (no helmet)
rElec    +         Reflect  .   p - scarf {repulsion}
rCorr    .         Harm     .   x - +0 pair of gloves (curse)
MR       .....                  (no boots)
Stlth    ..........             (no amulet)
Regen    0.2/turn               C - -2 ring of dexterity (curse)
MPRegen  0.2/turn               (no ring)

@: exhausted, slowed, repel missiles, very slow
A: hooves 1, frail 1, mutation resistance 1, negative energy resistance 1,
electricity resistance, unbreathing, petrification resistance, rot immunity, AC
+5
a: Berserk, Burn Spellbooks, Renounce Religion


You were on level 4 of the Dungeon.
You worshipped Trog.
Trog was aware of your devotion.
You were near starving.

You visited 1 branch of the dungeon, and saw 5 of its levels.

You collected 242 gold pieces.

Inventory:

Hand Weapons
 a - a +0 flail (weapon)
Missiles
 r - 6 javelins (quivered)
Armour
 b - a +0 scale mail (worn)
 c - a +0 shield (worn)
 p - a scarf of repulsion (worn)
 x - a cursed +0 pair of gloves (worn)
Jewellery
 C - a cursed -2 ring of dexterity (right hand)
Scrolls
 d - 2 scrolls of remove curse {unknown}
 e - 2 scrolls of teleportation {unknown}
 k - a scroll of fear {unknown}
 l - a scroll of magic mapping {unknown}
 m - 6 scrolls of identify
 n - a scroll of immolation {unknown}
 q - a scroll of noise {unknown}
 u - 2 scrolls of recharging {unknown}
 y - a scroll of fog {unknown}
 A - a scroll of enchant armour {unknown}
 B - 2 scrolls of amnesia {unknown}
Potions
 g - a potion of flight {unknown}
 i - a potion of mutation
 j - a potion of degeneration {unknown}
 o - a potion of curing
 s - a potion of magic {unknown}
 t - 2 potions of might
Comestibles
 f - 5 bread rations
 h - a meat ration
 v - a royal jelly


   Skills:
 + Level 4.1 Fighting
 - Level 10.0 Maces & Flails
 + Level 3.8 Armour
 - Level 3.2 Shields


You had 7 spell levels left.
You didn't know any spells.

Dungeon Overview and Level Annotations

Branches:
Dungeon (5/15)
 Temple: D:4-7

Altars:
Cheibriados
Dithmenos
Hepliaklqana
Qazlal
Trog
Vehumet
Wu Jian

Annotations:
D:4 Menkaure


Innate Abilities, Weirdness & Mutations

You are resistant to torment.
Your stone body is resilient. (AC +5)
You are immune to poison.
You resist negative energy. (rN+)
You are resistant to electric shocks. (rElec)
You can survive without breathing.
You are immune to petrification.
You are immune to rotting.
You have large cloven feet.
You are frail. (-10% HP)
You are somewhat resistant to further mutation.


Message History

You are exhausted.
You feel yourself slow down.
It was a potion of mutation.
You feel extremely strange.
You feel frail.
You feel genetically stable.
Your feet thicken and deform.
It was a potion of curing.
You feel better.
Menkaure points at you and mumbles some strange words.
Pain shoots through your body!
* * * LOW HITPOINT WARNING * * *
You feel better. Menkaure closely misses you.
You feel better.
You feel a little less mighty now.
Menkaure calls on the powers of darkness!
Your body is wracked with pain!
Menkaure hits you!
* * * LOW HITPOINT WARNING * * *
You hit Menkaure but do no damage. You block Menkaure's attack.
Menkaure calls on the powers of darkness!
Your body is wracked with pain!
* * * LOW HITPOINT WARNING * * *
You barely miss Menkaure. Menkaure hits you!
You die...

######## #......###
#.###..M.# ######### #.#
#.@#)# #.......# #.#
#.##.# #......>#
#.###.##M# #.......#
###.....##># #.......#
#......###†######.......#
#.####.# #...............
#.# #.# #######........#
#.# #.# #.............
#.####.# #...#.........


You could see Menkaure.

Vanquished Creatures
  Sigmund (D:2)
  The ghost of w00t the Conjurer, an amateur DrWz (D:4)
  Duvessa (D:5)
  An ogre (D:5)
  A centaur (D:5)
  The ghost of Potronius the Poker, an amateur MfSk (D:3)
  Dowan (D:4)
  3 howler monkeys
  3 hounds
  An orc priest (D:3)
  3 orc wizards
  Natasha (thrice) (D:2)
  2 worker ants (D:4)
  A hound skeleton (D:4)
  10 adders
  9 gnolls
  An ooze (D:4)
  An adder skeleton (D:4)
  6 worms
  A dart slug (D:3)
  3 leopard geckos
  12 orcs
  2 ball pythons (D:1)
  5 giant cockroaches
  10 goblins
  5 hobgoblins
  7 jackals
  3 kobolds
  3 quokkas
  9 bats
  3 frilled lizards
  10 rats
123 creatures vanquished.

Vanquished Creatures (others)
  A goblin (D:3)
1 creature vanquished.

Grand Total: 124 creatures vanquished

Notes
Turn   | Place    | Note
-------+----------+-------------------------------------------
     0 | D:1      | Colliwobble the Gargoyle Fighter began the quest for the Orb.
     0 | D:1      | Reached XP level 1. HP: 14/14 MP: 1/1
   138 | D:1      | Reached XP level 2. HP: 19/19 MP: 2/2
   276 | D:1      | Reached skill level 3 in Maces & Flails
   743 | D:1      | Reached XP level 3. HP: 12/23 MP: 3/3
   926 | D:2      | Noticed Sigmund
  1060 | D:2      | Killed Sigmund
  1060 | D:2      | Reached skill level 5 in Maces & Flails
  1060 | D:2      | Reached XP level 4. HP: 20/28 MP: 4/4
  1060 | D:2      | Reached XP level 5. HP: 23/32 MP: 5/5
  1117 | D:2      | Noticed Natasha
  1148 | D:2      | Killed Natasha
  1148 | D:2      | Reached skill level 6 in Maces & Flails
  1148 | D:2      | Reached XP level 6. HP: 8/37 MP: 6/6
  1181 | D:2      | Noticed Natasha
  1196 | D:2      | Killed Natasha
  1563 | D:2      | Found a shadowy altar of Dithmenos.
  1903 | D:2      | Noticed Natasha
  1932 | D:2      | Killed Natasha
  2087 | D:3      | Found a radiant altar of Vehumet.
  2248 | D:3      | Reached skill level 7 in Maces & Flails
  2353 | D:3      | Noticed Potronius's ghost (amateur MfSk)
  2363 | D:3      | Reached XP level 7. HP: 40/41 MP: 7/7
  2371 | D:3      | Killed Potronius's ghost
  2470 | D:3      | Found a stormy altar of Qazlal.
  2542 | D:3      | Reached skill level 8 in Maces & Flails
  2827 | D:2      | Found a hazy altar of Hepliaklqana.
  3019 | D:3      | Noticed a moth of wrath
  3022 | D:3      | Found a bloodstained altar of Trog.
  3336 | D:3      | Became a worshipper of Trog the Wrathful
  3507 | D:4      | Noticed w00t's ghost (amateur DrWz)
  3824 | D:4      | Killed w00t's ghost
  3886 | D:4      | Reached skill level 9 in Maces & Flails
  3894 | D:4      | Reached XP level 8. HP: 21/46 MP: 8/8
  4405 | D:4      | Found a shadowy altar of Dithmenos.
  4556 | D:5      | Entered Level 5 of the Dungeon
  4595 | D:5      | Found an ornate altar of the Wu Jian Council.
  4649 | D:5      | Found a snail-covered altar of Cheibriados.
  4666 | D:5      | Reached * piety under Trog
  4839 | D:4      | Reached skill level 10 in Maces & Flails
  5017 | D:5      | Noticed Menkaure
  5019 | D:5      | Noticed Duvessa
  5019 | D:5      | Noticed Dowan
  5216 | D:5      | Killed Duvessa
  5222 | D:4      | HP: 2/72 [Dowan/stone arrow (12)]
  5223 | D:4      | Killed Dowan
  5229 | D:4      | Gained mutation: You are frail. (-10% HP) [potion of mutation]
  5229 | D:4      | Gained mutation: You are somewhat resistant to further mutation. [potion of mutation]
  5229 | D:4      | Gained mutation: You have large cloven feet. [potion of mutation]
  5234 | D:4      | Slain by Menkaure

Vault maps used:
D:1:      onia_arrival_handbag
D:2:      nicolae_overflow_crystal_walls, nicolae_overflow_hidden_temple,
          uniq_natasha, uniq_sigmund
D:3:      fiery_altar_vehumet, tgw_trog, nicolae_qazlal_general_emergency
D:4:      first_bread, grunt_dithmenos_smoke
D:5:      old_standard_altar, overflow_temple_1_default, uniq_menkaure,
          uniq_duvessa

Skill      XL: |  1  2  3  4  5  6  7  8 |
---------------+-------------------------+-----
Maces & Flails | 3 5 6 7 9 10 | 10.0
Fighting       | 4 |  4.1
Armour         | |  3.8
Shields        | |  3.2

Action                   |  1- 3 |  4- 6 |  7- 9 || total
-------------------------+-------+-------+-------++-------
Melee: Flail             |   146 |   194 |   338 ||   678
Throw: Javelin           |       |     1 |     3 ||     4
Invok: Berserk           |       |       |     2 ||     2
  Use: Potion            |     1 |       |     5 ||     6
       Scroll            |       |       |     1 ||     1
  Eat: Chunk             |     1 |     4 |    10 ||    15
Armor: Scale mail        |   117 |    86 |   142 ||   345
Dodge: Dodged            |    50 |    54 |    68 ||   172
       Deflected         |       |     1 |     2 ||     3
Block: Shield            |    89 |    72 |   134 ||   295
